AoeStats
← 牛春花板面

Arena

504400597Analyzed
3v3 RM · 27d ago on Sep 5, 2026· 25m 51s· 6 players
Game mode
Random Map
Map size
Normal (6 player)
Population
200
Speed
Normal
Resources
Standard
Victory
Conquest
Starting age
Dark Age
Ending age
Imperial Age
RankedLock teamsTeams togetherTeam positionsShared explorationLock speedFull tech treeHidden civsTurbo modeCheats
Victory
Defeat
🇻🇪 Turks · Venezuela
1050
+14
🇻🇪 Khmer · Venezuela
1034
+14
🇻🇪 Japanese · Venezuela
987
+16
🇨🇳 Chinese · China
1014
-15
🇪🇸 Poles · Spain
1005
-15
🇨🇳 Huns · China
977
-14
MIRMIDOR
12:10 Feudal Age
15:43 Loom
19:28 Castle Age
17:28 Double-Bit Axe
17:25 Horse Collar
18:48 Stone Mining
21:13 Bow Saw
21:07 Heavy Plow
23:09 Wheelbarrow
牛春花板面
hsc
1:48 Loom
10:02 Feudal Age
10:38 Horse Collar
10:44 Double-Bit Axe
18:49 Castle Age
17:49 Scale Mail Armor
19:47 Bow Saw
19:38 Heavy Plow
23:06 Forging
Sleepy完胜
11:32 Feudal Age
15:37 Castle Age
16:15 Double-Bit Axe
16:20 Horse Collar
19:01 Bow Saw
22:36 Heavy Plow
23:42 Wheelbarrow
draul225
11:44 Feudal Age
12:17 Double-Bit Axe
13:09 Horse Collar
16:12 Castle Age
17:42 Bow Saw
22:36 Wheelbarrow
21:51 Loom
22:53 Town Watch
23:37 Gold Mining
23:56 Heavy Plow
24:38 Hand Cart
25:06 Scale Barding Armor
25:13 Forging
ponlopallevar
0:42 Loom
13:13 Feudal Age
18:26 Castle Age
18:48 Double-Bit Axe
20:27 Scale Mail Armor
20:38 Forging
24:55 Horse Collar
Connection lost

Rejoining the realm…

Still unreachable

The connection could not be restored.

Session expired

The server has moved on; the page needs a fresh start.